 Dungeon Crawl Stone Soup version 0.22.1 (webtiles) character file.

1540 JedernureinKreuz the Conjurer (level 8, 0/58 HPs)
             Began as a Gnoll Conjurer on Sept 17, 2018.
             Slain by a wight
             ... wielding a +5 morningstar of freezing
              (4 damage)
             ... on level 6 of the Dungeon.
             The game lasted 00:33:53 (6422 turns).

JedernureinKreuz the Conjurer (Gnoll Conjurer)      Turns: 6422, Time: 00:34:03

Health: 0/58       AC: 10    Str: 10    XL:     8   Next: 86%
Magic:  13/17      EV: 13    Int: 20    God:
Gold:   237        SH:  0    Dex: 16    Spells: 4/19 levels left

rFire    + . .     SeeInvis .   H - +3 spear
rCold    . . .     Gourm    .   (no shield)
rNeg     . . .     Faith    .   G - +0 leather armour {rF+}
rPois    .         Spirit   .   (no helmet)
rElec    +         Reflect  .   (no cloak)
rCorr    .         Harm     .   x - +0 pair of gloves
MR       .....                  (no boots)
Stlth    ++........             j - amulet of regeneration
HPRegen  0.59/turn              D - +4 ring of protection
MPRegen  0.15/turn              t - ring of wizardry

@: heavily drained
A: distributed training, fangs 1, molten scales 1, electricity resistance,
strong nose
a: no special abilities


You were on level 6 of the Dungeon.
You were hungry.

You visited 1 branch of the dungeon, and saw 6 of its levels.
You also visited: Sewer.

You collected 237 gold pieces.

Inventory:

Hand Weapons
 i - a +1 short sword
 C - a +1 falchion of freezing
 E - a +2 mace of holy wrath
 F - a +0 hand axe of electrocution
 H - a +3 spear (weapon)
 J - a +0 dagger of venom
Missiles
 l - 14 poisoned needles
 o - 2 needles of sleeping
 p - 29 sling bullets
 r - 11 javelins (quivered)
 v - 16 arrows
Armour
 a - a +0 robe
 e - a +0 leather armour
 n - a +0 leather armour
 x - a +0 pair of gloves (worn)
 G - a +0 leather armour of fire resistance (worn)
Jewellery
 d - an uncursed ring of flight
 h - an uncursed ring of stealth
 j - an amulet of regeneration (around neck)
 s - an uncursed ring of stealth
 t - a ring of wizardry (right hand)
 D - a +4 ring of protection (left hand)
Scrolls
 b - 4 scrolls of fear
 k - 3 scrolls of remove curse
 q - 2 scrolls of amnesia
 w - a scroll of identify
 y - a scroll of fog
 A - a scroll of teleportation
Potions
 f - 2 potions of curing
 g - 2 potions of magic {unknown}
 m - a potion of cancellation {unknown}
 u - a potion of mutation
 z - a potion of ambrosia {unknown}
 B - a potion of degeneration {unknown}
 I - a potion of flight {unknown}
Comestibles
 c - 12 rations
 K - 5 chunks of flesh


   Skills:
 + Level 3.5(0.8) Fighting
 + Level 3.5(0.8) Short Blades
 + Level 3.5(0.8) Long Blades
 + Level 3.5(0.8) Axes
 + Level 3.5(0.8) Maces & Flails
 + Level 3.5(0.8) Polearms
 + Level 3.5(0.8) Staves
 + Level 3.5(0.8) Slings
 + Level 3.5(0.8) Bows
 + Level 3.5(0.8) Crossbows
 + Level 3.5(0.8) Throwing
 + Level 3.5(0.8) Armour
 + Level 5.9(2.9) Dodging
 + Level 5.5(2.6) Stealth
 + Level 3.5(0.8) Shields
 + Level 3.5(0.8) Unarmed Combat
 + Level 6.2(3.2) Spellcasting
 + Level 7.7(4.6) Conjurations
 + Level 2.9(0.2) Hexes
 + Level 2.9(0.2) Charms
 + Level 2.9(0.2) Summonings
 + Level 2.9(0.2) Necromancy
 + Level 2.9(0.2) Translocations
 + Level 2.9(0.2) Transmutations
 + Level 2.9(0.2) Fire Magic
 + Level 2.9(0.2) Ice Magic
 + Level 2.9(0.2) Air Magic
 + Level 2.9(0.2) Earth Magic
 + Level 2.9(0.2) Poison Magic
 + Level 3.9(1.2) Invocations
 + Level 3.5(0.8) Evocations


You had 4 spell levels left.
You knew the following spells:

 Your Spells              Type           Power        Failure   Level  Hunger
a - Magic Dart            Conj           ###.         1%          1    None
b - Iskenderun's Mystic   Conj           ###.....     11%         4    ####...
c - Dazzling Spray        Conj/Hex       ##....       9%          3    ###....
d - Confuse               Hex            #.......     21%         3    ###....
e - Force Lance           Conj/Tloc      ##......     26%         4    ####...

Your spell library contained the following spells:

 Spells                   Type           Power        Failure   Level  Hunger
 Searing Ray              Conj           ###...       1%          2    ##.....
 Confusing Touch          Hex            #.....       7%          1    None
 Gell's Gravitas          Tloc           #.........   21%         3    ###....
 Fulminant Prism          Conj/Hex       ##........   26%         4    ####...
 Petrify                  Tmut/Erth      #.......     52%         4    ####...
 Metabolic Englaciation   Hex/Ice        #.........   86%         5    ######.
 Yara's Violent Unravell  Hex/Tmut       #.........   86%         5    ######.


Dungeon Overview and Level Annotations

Branches:
Dungeon (6/15)
 Temple: D:4-7

Altars:
Fedhas
Nemelex Xobeh
Okawaru
Trog
Vehumet
Wu Jian

Annotations:
D:5 2 transporters, Gangrin's ghost, novice HuGl
D:6 Duvessa


Innate Abilities, Weirdness & Mutations

Your experience applies equally to all skills.
You have very sharp teeth.
Your uncanny sense of smell can sniff out nearby items.
You are partially covered in molten scales. (AC +2)
You are resistant to electric shocks. (rElec)


Message History

You feel drained. The wight freezes you.
Casting: Iskenderun's Mystic Blast (safe; 9% risk of failure)
Confirm with . or Enter, or press ? or * to list all spells.
Aiming: Iskenderun's Mystic Blast (safe; 9% risk of failure)
Press: ? - help, Shift-Dir - straight line, f - wight
Aim: a wight, wielding a morningstar of freezing and wearing a glowing robe
Okay, then.
Casting: Iskenderun's Mystic Blast (safe; 9% risk of failure)
Confirm with . or Enter, or press ? or * to list all spells.
Aiming: Force Lance (slightly dangerous; 21% risk of failure)
Press: ? - help, Shift-Dir - straight line, f - wight
Aim: a wight, wielding a morningstar of freezing and wearing a glowing robe The lance of force misses the wight.
A scorpion comes into view.
The wight hits you with a morningstar of freezing!
* * * LOW HITPOINT WARNING * * *
You feel drained.
* * * LOW HITPOINT WARNING * * *
The wight freezes you.
You die...

# ############ #.#
#.......)..#
##.###.###.###..#
.......# #.# #.)#
..###..###'###..######
.........'_###..@z...#
..###..###'###..####s#
...##..# #.# #....
.......###.# #.##
............ ...
......#.#.#.###
......#.#.#..
......#.# ###
......#.#...


You could see a scorpion and a wight.

Vanquished Creatures
  An ice beast (D:5)
  An orc warrior (D:5)
  A sky beast (D:6)
  3 ogres (D:6)
  2 scorpions (D:5)
  Dowan (D:6)
  6 wights (D:6)
  2 howler monkeys
  2 crimson imps
  An orc priest (D:6)
  2 orc wizards (D:6)
  An iguana (D:5)
  2 worker ants
  10 adders
  5 river rats
  A shadow imp (D:6)
  An ooze (D:4)
  An adder skeleton (D:6)
  8 worms
  2 dart slugs (D:1)
  4 leopard geckos
  26 orcs
  4 ball pythons
  4 bats
  3 giant cockroaches
  4 hobgoblins
  8 jackals
  A quokka (D:2)
  12 frilled lizards
  5 goblins
  7 kobolds
  A quokka skeleton (D:4)
  A quokka zombie (D:5)
  10 rats
143 creatures vanquished.

Notes
Turn   | Place    | Note
-------+----------+-------------------------------------------
     0 | D:1      | JedernureinKreuz the Gnoll Conjurer began the quest for the
                  | Orb.
     0 | D:1      | Reached XP level 1. HP: 13/13 MP: 6/6
   106 | D:1      | Reached XP level 2. HP: 19/19 MP: 3/7
   427 | D:1      | Reached XP level 3. HP: 25/25 MP: 1/9
   441 | D:1      | Reached skill level 5 in Spellcasting
   939 | D:2      | Reached skill level 1 in Invocations
  1114 | D:2      | Reached skill level 1 in Fighting
  1114 | D:2      | Reached skill level 1 in Short Blades
  1114 | D:2      | Reached skill level 1 in Long Blades
  1114 | D:2      | Reached skill level 1 in Axes
  1114 | D:2      | Reached skill level 1 in Maces & Flails
  1114 | D:2      | Reached skill level 1 in Polearms
  1114 | D:2      | Reached skill level 1 in Staves
  1114 | D:2      | Reached skill level 1 in Slings
  1114 | D:2      | Reached skill level 1 in Bows
  1114 | D:2      | Reached skill level 1 in Crossbows
  1114 | D:2      | Reached skill level 1 in Throwing
  1114 | D:2      | Reached skill level 1 in Armour
  1114 | D:2      | Reached skill level 1 in Shields
  1114 | D:2      | Reached skill level 1 in Unarmed Combat
  1114 | D:2      | Reached skill level 1 in Evocations
  1114 | D:2      | Reached XP level 4. HP: 27/32 MP: 4/11
  1445 | D:3      | Found a bloodstained altar of Trog.
  1452 | D:3      | Learned a level 4 spell: Iskenderun's Mystic Blast
  1456 | D:3      | Learned a level 3 spell: Dazzling Spray
  1773 | D:3      | Reached skill level 1 in Hexes
  1773 | D:3      | Reached skill level 1 in Charms
  1773 | D:3      | Reached skill level 1 in Summonings
  1773 | D:3      | Reached skill level 1 in Necromancy
  1773 | D:3      | Reached skill level 1 in Translocations
  1773 | D:3      | Reached skill level 1 in Transmutations
  1773 | D:3      | Reached skill level 1 in Fire Magic
  1773 | D:3      | Reached skill level 1 in Ice Magic
  1773 | D:3      | Reached skill level 1 in Air Magic
  1773 | D:3      | Reached skill level 1 in Earth Magic
  1773 | D:3      | Reached skill level 1 in Poison Magic
  1959 | D:4      | Reached XP level 5. HP: 22/37 MP: 8/12
  2392 | D:4      | Noticed a phantom
  2424 | D:4      | Gained mutation: You are resistant to electric shocks.
                  | (rElec) [potion of mutation]
  2424 | D:4      | Gained mutation: You are partially covered in molten
                  | scales. (AC +2) [potion of mutation]
  2896 | D:4      | Found an ornate altar of the Wu Jian Council.
  3027 | D:4      | Found an iron altar of Okawaru.
  3063 | D:5      | Entered Level 5 of the Dungeon
  3106 | D:5      | Found a glowing drain.
  3344 | Sewer    | Entered a sewer
  3394 | Sewer    | Reached XP level 6. HP: 44/44 MP: 13/13
  3686 | D:5      | Found a transporter.
  3686 | D:5      | Found a transporter.
  3686 | D:5      | Noticed Gangrin's ghost (novice HuGl)
  3720 | D:5      | HP: 2/44 [poisoned by a scorpion]
  3726 | D:5      | HP: 2/44 [poisoned by a scorpion]
  3820 | D:5      | Reached skill level 5 in Dodging
  4261 | D:5      | Reached XP level 7. HP: 50/50 MP: 11/15
  4882 | D:6      | Noticed Duvessa
  4882 | D:6      | Noticed Dowan
  4913 | D:6      | Found a blossoming altar of Fedhas.
  5017 | D:6      | Noticed a kobold demonologist
  5017 | D:6      | Noticed a shadow
  5295 | D:6      | Found a sparkling altar of Nemelex Xobeh.
  5333 | D:6      | Reached skill level 5 in Stealth
  5446 | D:5      | Reached XP level 8. HP: 41/57 MP: 1/16
  5699 | D:6      | Killed Dowan
  6324 | D:6      | Got a pitted helmet
  6330 | D:6      | Identified the cursed -4 helmet of Impatience {rPois MR-
                  | Int+4} (You found it on level 6 of the Dungeon)
  6364 | D:6      | Found a radiant altar of Vehumet.
  6373 | D:6      | Learned a level 3 spell: Confuse
  6378 | D:6      | Learned a level 4 spell: Force Lance
  6422 | D:6      | Slain by a wight

Skill      XL: |  1  2  3  4  5  6  7  8 |
---------------+-------------------------+-----
Spellcasting   | 5 6 |  6.2
Invocations    | 1 2 3 |  3.9
Fighting       | 1 2 3 |  3.5
Short Blades   | 1 2 3 |  3.5
Long Blades    | 1 2 3 |  3.5
Axes           | 1 2 3 |  3.5
Maces & Flails | 1 2 3 |  3.5
Polearms       | 1 2 3 |  3.5
Staves         | 1 2 3 |  3.5
Slings         | 1 2 3 |  3.5
Bows           | 1 2 3 |  3.5
Crossbows      | 1 2 3 |  3.5
Throwing       | 1 2 3 |  3.5
Armour         | 1 2 3 |  3.5
Shields        | 1 2 3 |  3.5
Unarmed Combat | 1 2 3 |  3.5
Evocations     | 1 2 3 |  3.5
Hexes          | 1 2 |  2.9
Charms         | 1 2 |  2.9
Summonings     | 1 2 |  2.9
Necromancy     | 1 2 |  2.9
Translocations | 1 2 |  2.9
Transmutations | 1 2 |  2.9
Fire Magic     | 1 2 |  2.9
Ice Magic      | 1 2 |  2.9
Air Magic      | 1 2 |  2.9
Earth Magic    | 1 2 |  2.9
Poison Magic   | 1 2 |  2.9
Dodging        | 5 |  5.9
Stealth        | 5 |  5.5
Conjurations   | |  7.7

Action                   |  1- 3 |  4- 6 |  7- 9 || total
-------------------------+-------+-------+-------++-------
Melee: Unarmed           |     1 |       |       ||     1
       Short sword       |    22 |   144 |    54 ||   220
       Bite              |     4 |    16 |    20 ||    40
       Mace              |       |       |    16 ||    16
       Spear             |       |       |   104 ||   104
       Punch             |       |       |     2 ||     2
Throw: Javelin           |       |    16 |       ||    16
 Cast: Magic Dart        |    49 |   118 |    58 ||   225
       Iskenderun's Myst |       |    11 |    20 ||    31
       Dazzling Spray    |       |       |     4 ||     4
       Force Lance       |       |       |     1 ||     1
 Abil: Stop Flying       |     1 |       |       ||     1
       Evoke Flight      |     1 |       |       ||     1
  Use: Scroll            |       |     8 |     1 ||     9
       Potion            |       |     1 |       ||     1
 Stab: Sleeping          |     3 |     7 |     2 ||    12
       Invisible         |       |       |     6 ||     6
  Eat: Chunk             |     1 |    11 |     7 ||    19
       Ration            |       |       |     1 ||     1
Armor: Robe              |     6 |       |       ||     6
       Leather armour    |       |    26 |    49 ||    75
Dodge: Dodged            |    22 |   118 |   139 ||   279
